 Dungeon Crawl Stone Soup version 0.20-a0-700-gbd4582c (webtiles) character file.

913 graki42 the Magician (level 7, -3/40 HPs)
             Began as a Deep Elf Fire Elementalist on Feb 20, 2017.
             Was an Initiate of Vehumet.
             Slain by a centaur (9 damage)
             ... on level 6 of the Dungeon.
             The game lasted 00:14:08 (4437 turns).

graki42 the Magician (Deep Elf Fire Elementalist)   Turns: 4437, Time: 00:14:09

Health: -3/40      AC:  2    Str:  7    XL:     7   Next: 82%
Magic:  10/19      EV: 13    Int: 20    God:    Vehumet [......]
Gold:   345        SH:  0    Dex: 15    Spells: 4/20 levels left

rFire    . . .     SeeInvis +   f - +0 whip (elec)
rCold    . . .     Gourm    .   a - +0 robe
rNeg     . . .     Faith    .   (no shield)
rPois    .         Spirit   .   (no helmet)
rElec    .         Reflect  .   (no cloak)
rCorr    .         Harm     +   (no gloves)
MR       .....                  (no boots)
Stlth    +++.......             h - amulet of harm
Regen    0.2/turn               (no ring)
MPRegen  0.2/turn               z - ring of see invisible

@: no status effects
A: no striking features
a: Renounce Religion


You were on level 6 of the Dungeon.
You worshipped Vehumet.
Vehumet was noncommittal.
You were near starving.

You visited 2 branches of the dungeon, and saw 7 of its levels.

You collected 345 gold pieces.

Inventory:

Hand Weapons
 f - a +0 whip of electrocution (weapon)
 F - a +0 blowgun
Missiles
 E - 4 curare-tipped needles
Armour
 a - a +0 robe (worn)
 i - a +0 pair of gloves
Jewellery
 h - an amulet of harm (around neck)
 z - a ring of see invisible (left hand)
Wands
 q - a wand of polymorph (8/24)
 D - a wand of paralysis (14/24)
 H - a wand of digging (6/24)
Scrolls
 g - a scroll of amnesia {unknown}
 k - 2 scrolls of remove curse {unknown}
 l - a scroll of enchant weapon {unknown}
 m - 3 scrolls of noise
 p - a scroll of magic mapping
 t - 2 scrolls of teleportation {unknown}
 u - 5 scrolls of identify
 y - 2 scrolls of fear {unknown}
 A - 2 scrolls of random uselessness {unknown}
Potions
 e - a potion of berserk rage {unknown}
 j - 5 potions of curing
 o - 2 potions of lignification {unknown}
 r - a potion of degeneration {unknown}
 s - a potion of mutation {unknown}
 v - a potion of haste {unknown}
 w - a potion of brilliance {unknown}
 x - a potion of might {unknown}
 C - 2 potions of cancellation {unknown}
Books
 b - a book of Flames

   Spells                             Type                      Level
   a - Flame Tongue                   Conjuration/Fire             1
   b - Throw Flame                    Conjuration/Fire             2
   c - Conjure Flame                  Conjuration/Fire             3
   d - Inner Flame                    Hexes/Fire                   3
   e - Sticky Flame                   Conjuration/Fire             4
   f - Fireball                       Conjuration/Fire             5
 G - a book of Conjurations

   Spells                             Type                      Level
   a - Magic Dart                     Conjuration                  1
   b - Searing Ray                    Conjuration                  2
   c - Dazzling Spray                 Conjuration/Hexes            3
   d - Fulminant Prism                Conjuration/Hexes            4
   e - Force Lance                    Conjuration/Translocation    4
   f - Iskenderun's Mystic Blast      Conjuration                  4
Comestibles
 c - 3 bread rations
 d - 6 meat rations
 n - 3 fruits
 B - 3 royal jellies


   Skills:
 * Level 2.6 Fighting
 + Level 3.2 Dodging
 + Level 3.9 Stealth
 + Level 0.8 Unarmed Combat
 + Level 7.1 Spellcasting
 + Level 4.1 Conjurations
 + Level 0.6 Hexes
 + Level 5.4 Fire Magic


You had 4 spell levels left.
You knew the following spells:

 Your Spells              Type           Power        Failure   Level  Hunger
a - Flame Tongue          Conj/Fire      ####.        1%          1    None
b - Conjure Flame         Conj/Fire      ####....     4%          3    #......
c - Inner Flame           Hex/Fire       ###.....     10%         3    #......
d - Sticky Flame          Conj/Fire      ####....     14%         4    ###....
e - Fireball              Conj/Fire      ####......   38%         5    #####..


Dungeon Overview and Level Annotations

Branches:
Dungeon (6/15)             Temple (1/1) D:5

Altars:
Fedhas
Hepliaklqana
Kikubaaqudgha
Qazlal
Uskayaw
Vehumet
Zin


Message History

The centaur shoots an arrow.
The arrow closely misses you.
You see here an arrow.
The centaur unwields an uncursed shortbow.
The centaur hits you. The centaur hits you!
* * * LOW HITPOINT WARNING * * *
Casting: Sticky Flame
Confirm with . or Enter, or press ? or * to list all spells.
Aiming: Sticky Flame
Press: ? - help, Shift-Dir - straight line, f - centaur
Aim: a centaur The sticky flame hits the centaur.
The centaur is lightly wounded.
The centaur is covered in liquid flames!
The centaur burns!
The centaur hits you!
* * * LOW HITPOINT WARNING * * *
It was a potion of curing.
You feel better.
The centaur burns!
The centaur hits you.
* * * LOW HITPOINT WARNING * * *
The centaur hits you!
You die...

#########.......#####
#...............#....
#.####..#.......#....
#...............#....
#..####.####....'....
#..##.....##....#....
#..#.......#....#.##.
#..#.......#...##.###
#(.(@c._.......#.....
##(#.......#...#.....
#.#.......#...#.....
#.##.....##...#..###
#.####.### #..### #..
... #..... ### ##..
#..... .. #.....
#.....


You could see a centaur (burning).

Vanquished Creatures
  The ghost of Nigilith the Slasher, an amateur HuGl (D:3)
  2 centaurs (D:5)
  A scorpion (D:6)
  A howler monkey (D:6)
  2 crimson imps
  A bullfrog zombie (D:5)
  A hound (D:5)
  An orc priest (D:4)
  An orc wizard (D:5)
  A centaur skeleton (D:5)
  Jessica (D:2)
  Ijyb (D:2)
  A worker ant (D:5)
  A worker ant zombie (D:5)
  8 adders
  A shadow imp (D:5)
  An ooze (D:2)
  A worm (D:2)
  A dart slug (D:2)
  2 leopard geckos
  7 orcs
  5 giant cockroaches
  9 goblins
  9 hobgoblins
  10 jackals
  4 kobolds
  2 quokkas
  A ball python skeleton (D:4)
  5 bats
  4 frilled lizards
  A jackal zombie (D:6)
  2 quokka skeletons (D:6)
  9 rats
  2 fungi (D:5)
100 creatures vanquished.

Notes
Turn   | Place    | Note
-------+----------+-------------------------------------------
     0 | D:1      | graki42 the Deep Elf Fire Elementalist began the quest for the Orb.
     0 | D:1      | Reached XP level 1. HP: 10/10 MP: 6/6
   334 | D:1      | Reached XP level 2. HP: 15/15 MP: 6/8
   849 | D:2      | Reached XP level 3. HP: 19/19 MP: 2/10
   854 | D:2      | Learned a level 3 spell: Conjure Flame
   858 | D:2      | Learned a level 3 spell: Inner Flame
   859 | D:2      | Noticed Jessica
   914 | D:2      | Killed Jessica
   916 | D:2      | Reached skill level 4 in Spellcasting
   935 | D:2      | Noticed Ijyb
   986 | D:2      | Killed Ijyb
   986 | D:2      | Reached XP level 4. HP: 19/24 MP: 6/12
  1262 | D:2      | Learned a level 4 spell: Sticky Flame
  1337 | D:2      | Reached skill level 1 in Fighting
  1591 | D:3      | Noticed Nigilith's ghost (amateur HuGl)
  1629 | D:3      | Killed Nigilith's ghost
  1629 | D:3      | Reached skill level 5 in Spellcasting
  1629 | D:3      | Reached XP level 5. HP: 7/29 MP: 0/15
  1629 | D:3      | Reached XP level 6. HP: 8/34 MP: 0/16
  2620 | D:4      | Reached skill level 6 in Spellcasting
  3005 | D:5      | Entered Level 5 of the Dungeon
  3026 | D:5      | Reached skill level 5 in Fire Magic
  3035 | D:5      | Reached XP level 7. HP: 39/39 MP: 6/18
  3228 | D:5      | Found a blossoming altar of Fedhas.
  3473 | D:5      | Found a staircase to the Ecumenical Temple.
  3522 | Temple   | Entered the Ecumenical Temple
  3528 | Temple   | Became a worshipper of Vehumet
  3951 | D:5      | Learned a level 5 spell: Fireball
  3959 | D:5      | Reached skill level 7 in Spellcasting
  3977 | D:5      | Found a stormy altar of Qazlal.
  4419 | D:6      | Found a hazy altar of Hepliaklqana.
  4436 | D:6      | HP: 2/40 [centaur (9)]
  4437 | D:6      | Slain by a centaur

Vault maps used:
D:1:      dpeg_arrival_rhombi
D:2:      uniq_jessica, uniq_iyjb
D:3:      glass_columns_b, minmay_misc_feat_rows, guppyfry_early_orc_mine
D:4:      kennysheep_generic_room_10
D:5:      marbit_many_paths, fedhas_altar_3, temple_pool_b, first_bread,
          minmay_misc_feat_encased
D:6:      old_standard_altar
Temple:   eino_wide_crystal_templ

Skill      XL: |  1  2  3  4  5  6  7 |
---------------+----------------------+-----
Spellcasting   | 4 5 6 7 |  7.1
Dodging        | 3 |  3.2
Fighting       | 1 2 |  2.6
Fire Magic     | 4 5 |  5.4
Conjurations   | 2 3 4 |  4.1
Stealth        | 3 |  3.9
Unarmed Combat | |  0.8
Hexes          | |  0.6

Action                   |  1- 3 |  4- 6 |  7- 9 || total
-------------------------+-------+-------+-------++-------
Melee: Unarmed           |    20 |     3 |       ||    23
       Whip              |       |       |    15 ||    15
 Cast: Flame Tongue      |    46 |    88 |    33 ||   167
       Conjure Flame     |       |     3 |     3 ||     6
       Sticky Flame      |       |     4 |     3 ||     7
       Inner Flame       |       |     2 |       ||     2
  Use: Scroll            |       |     3 |       ||     3
       Potion            |       |     1 |     1 ||     2
  Eat: Chunk             |       |     7 |     3 ||    10
Armor: Robe              |     2 |     2 |     1 ||     5
       Skin              |     1 |       |       ||     1
Dodge: Dodged            |    25 |    16 |     7 ||    48
